 Dungeon Crawl Stone Soup version 0.21.1-1-g345015fe64 (webtiles) character file.

66510 Lentor the Fencer (level 14, 0/135 HPs)
             Began as a Minotaur Berserker on June 10, 2018.
             Was a High Priest of Trog.
             Slain by StormFly's ghost (2 damage)
             ... on level 2 of the Pits of Slime.
             The game lasted 00:56:27 (20690 turns).

Lentor the Fencer (Minotaur Berserker)             Turns: 20690, Time: 00:56:28

Health: 0/135      AC: 21    Str: 29    XL:     14   Next: 79%
Magic:  0/13       EV: 13    Int:  4    God:    Trog [*****.]
Gold:   1616       SH:  0    Dex: 14    Spells: 13/13 levels left

rFire    + . .     SeeInvis +   q - +12 double sword of Deflation {drain, rF- rC+++ Dex+3 SInv}
rCold    + + +     Gourm    .   N - +2 buckler {rC+}
rNeg     . . .     Faith    .   G - +0 fire dragon scales
rPois    .         Spirit   +   (helmet restricted)
rElec    .         Reflect  .   a - +0 cloak {+Inv}
rCorr    +         Harm     .   j - +2 pair of gloves {archery}
MR       ++...                  r - +2 pair of boots
Stlth    ..........             F - amulet of guardian spirit
HPRegen  0.32/turn              n - ring of resist corrosion
MPRegen  0.13/turn              T - +5 ring of strength

@: confused, berserk cooldown, heavily drained
A: retaliatory headbutt, horns 2, magic resistance 1, weak 1
a: Berserk, Trog's Hand, Brothers in Arms, Burn Spellbooks, Renounce Religion,
Evoke Invisibility


You were on level 2 of the Pits of Slime.
You worshipped Trog.
Trog was extremely pleased with you.
You were not hungry.

You visited 5 branches of the dungeon, and saw 23 of its levels.
You also visited: Labyrinth, Trove and Ice Cave.

You collected 1616 gold pieces.

Inventory:

Hand Weapons
 q - the +12 double sword of Deflation (weapon) {drain, rF- rC+++ Dex+3 SInv}
   (You found it in a treasure trove)

   A truly terrible weapon, it drains the life of those it strikes.
   It affects your dexterity (+3).
   It makes you vulnerable to fire.
   It renders you almost immune to cold.
   It lets you see invisible.
Missiles
 U - 3 exploding tomahawks (quivered)
Armour
 a - a +0 cloak of invisibility (worn)
 j - a +2 pair of gloves of archery (worn)
 r - a +2 pair of boots (worn)
 w - a +1 scale mail of poison resistance
 G - +0 fire dragon scales (worn)
 N - a +2 buckler of cold resistance (worn)
Jewellery
 n - a ring of resist corrosion (left hand)
 u - an uncursed ring of poison resistance
 F - an amulet of guardian spirit (around neck)
 M - an uncursed ring of positive energy
 T - a +5 ring of strength (right hand)
Wands
 c - a wand of flame (19)
 g - a wand of scattershot (11)
 l - a wand of digging (28)
 v - a wand of polymorph (85)
 A - a wand of paralysis (21)
 E - a wand of enslavement (25)
 H - a wand of iceblast (79)
 K - a wand of acid (30)
 O - a wand of clouds (8)
 W - a wand of disintegration (17)
Scrolls
 d - 15 scrolls of teleportation
 e - a scroll of brand weapon
 o - a scroll of enchant armour
 s - 3 scrolls of identify
 t - 3 scrolls of remove curse
 y - 4 scrolls of blinking
 B - a scroll of magic mapping
 J - a scroll of enchant weapon
 L - a scroll of fog
Potions
 b - 4 potions of agility
 f - 6 potions of might
 h - 4 potions of flight
 i - 2 potions of degeneration
 k - 4 potions of curing
 m - a potion of brilliance
 p - 2 potions of haste
 x - 3 potions of invisibility
 z - a potion of berserk rage
 I - 7 potions of lignification
 R - a potion of magic
 S - a potion of heal wounds
Comestibles
 D - 16 rations


   Skills:
 + Level 15.4(12.7) Fighting
 + Level 18.8(16.0) Long Blades
 + Level 15.1(12.5) Armour
 + Level 7.4(5.2) Dodging
 + Level 3.0(1.1) Stealth
 + Level 6.1(4.0) Shields


You had 13 spell levels left.
You didn't know any spells.

Dungeon Overview and Level Annotations

Branches:
Dungeon (12/15)            Temple (1/1) D:4            Lair (6/6) D:10
 Shoals (0/4) Lair:4        Snake (0/4) Lair:2        Slime (2/5) Lair:5
    Orc (2/2) D:9
    Elf: Orc:2

Altars:
Ashenzari
Cheibriados
Dithmenos
Elyvilon
Fedhas
Gozag
Hepliaklqana
Kikubaaqudgha
Makhleb
Nemelex Xobeh
Okawaru
Qazlal
Ru
Sif Muna
Trog
Uskayaw
Vehumet
Wu Jian
Xom
Yredelemnul
Zin
The Shining One
Jiyva

Shops:
D:6 *   D:9 *   Orc:2 (

Annotations:
D:10 exclusion: obsidian statue
Slime:2 StormFly's ghost, journeyman HOFi; xarlamp's ghost, veteran FoFi
Orc:2 Lavandula's ghost, journeyman CeBe


Innate Abilities, Weirdness & Mutations

You reflexively headbutt those who attack you in melee.
You have a pair of horns on your head.
You are resistant to hostile enchantments. (MR+)
You are weak. (Str -2)


Message History

The golden eye blinks at you.
You are more confused.
StormFly's ghost hits you!!
* * * LOW HITPOINT WARNING * * *
x2 The large slime creature hits you.
* * * LOW HITPOINT WARNING * * *
The slime creature hits you but does no damage.
You're too confused to move!
The golden eye blinks at you.
You are more confused.
The slime creature hits you but does no damage.
The wall burns xarlamp's ghost!
Xarlamp's ghost misses you.
The golden eye blinks!
The golden eye blinks at you. You resist with almost no effort.
The great orb of eyes bites you but does no damage.
Two slime creatures merge to form a very large slime creature.
StormFly's ghost hits you!
* * * LOW HITPOINT WARNING * * *
You die...

.... .#....#
.... ...... #...
#....###
#...##......#
##.#........
.#....G<..#
..........## .
....G..J.W.#....
.....JGJ@>......
.......GJW.#....
.#.....G§.......
.......<........
..............#.
................
................
...............


You could see a great orb of eyes, a very large slime creature, 3 slime
creatures, StormFly's ghost, xarlamp's ghost and 4 golden eyes.

Vanquished Creatures
  3 acid blobs
  2 azure jellies (Slime:1)
  Nessos (Lair:5)
  The ghost of LevaFresel the Quickloader, a journeyman KoHu of Nemelex Xobeh (Lair:3)
  2 hydras
  4 two-headed ogres
  The ghost of fellowfoe the Covert, a journeyman SpAs of Okawaru (Lair:3)
  The ghost of Hercules1031 the Fighter, a novice DDFi of Makhleb (D:8)
  A fire crab (Lair:5)
  An unseen horror (D:12)
  A necromancer (IceCv)
  A wolf spider (Lair:6)
  An ugly thing (D:10)
  A cyclops (D:12)
  An orc sorcerer (Orc:1)
  11 elephants
  A centaur zombie (D:12)
  An eye of devastation (Slime:1)
  12 black mambas
  Maurice (D:8)
  A guardian serpent (Lair:6)
  2 centaur skeletons
  8 spiny frogs
  6 rime drakes
  4 komodo dragons
  10 freezing wraiths (IceCv)
  2 polar bears
  2 trolls
  3 hornets
  5 blink frogs (Lair:1)
  11 hippogriffs
  22 slime creatures (Slime:1)
  26 yaks
  11 wyverns
  2 redbacks (Lair:6)
  6 basilisks
  The ghost of Revguard the Ruffian, an amateur DrTm of Elyvilon (D:3)
  A steam dragon (Lair:6)
  8 vampire mosquitoes (D:12)
  3 nagas (Lair:2)
  6 porcupines
  20 water moccasins
  3 swamp drakes (Lair:6)
  9 orc warriors
  3 black bears
  8 ice beasts
  5 sky beasts
  An alligator simulacrum (IceCv)
  4 ogres
  4 phantoms
  2 centaurs
  8 wolves (Lair:1)
  9 crocodiles
  2 big kobolds
  12 bullfrogs
  A wyvern zombie (D:10)
  8 scorpions
  An elephant simulacrum (IceCv)
  8 wights
  4 killer bees (D:11)
  A swamp dragon simulacrum (IceCv)
  2 lava snakes (D:10)
  3 crimson imps
  2 draconian simulacra (IceCv)
  2 bullfrog zombies (D:9)
  6 jellies
  3 orc priests
  2 bullfrog skeletons
  10 hounds
  A gnoll shaman (D:7)
  Ijyb (D:3)
  8 iguanas
  12 orc wizards
  6 worker ants
  7 hell rats (Lair:3)
  A polar bear simulacrum (IceCv)
  A spriggan simulacrum (IceCv)
  3 troll simulacra (IceCv)
  2 centaur simulacra (IceCv)
  A hound zombie (D:7)
  3 worker ant zombies
  A howler monkey skeleton (D:4)
  5 adders
  7 gnolls
  An ogre simulacrum (IceCv)
  2 naga simulacra (IceCv)
  11 river rats (Lair:3)
  3 shadow imps
  8 white imps (IceCv)
  7 oozes
  2 adder skeletons
  An adder zombie (D:5)
  A worm (D:3)
  A dart slug (D:1)
  5 leopard geckos
  26 orcs
  5 bats (D:2)
  6 giant cockroaches
  2 goblins
  6 hobgoblins
  17 jackals
  10 quokkas
  A ball python (D:4)
  4 frilled lizards
  A jackal skeleton (D:7)
  13 kobolds
  A leopard gecko skeleton (D:7)
  24 rats
  A fungus (Lair:6)
  3 plants (Lair:6)
552 creatures vanquished.

Vanquished Creatures (collateral kills)
  A minotaur (Lab)
  A fire dragon (Lair:6)
  A catoblepas (D:11)
  2 two-headed ogres
  An ogre mage (Orc:1)
  A swamp dragon (Lair:6)
  An orc knight (Orc:2)
  An ice statue (IceCv)
  A gargoyle (D:11)
  2 slime creatures (Slime:1)
  A basilisk (Lair:6)
  An orc warrior (Orc:1)
  3 draconian simulacra (IceCv)
  An orc wizard (Orc:1)
  A spriggan simulacrum (IceCv)
  2 troll simulacra (IceCv)
  2 centaur simulacra (IceCv)
  An ogre simulacrum (IceCv)
  4 white imps (IceCv)
  2 orcs (Orc:1)
30 creatures vanquished.

Vanquished Creatures (others)
  A bush (Lair:6)
  13 fungi
  38 plants (Lair:6)
52 creatures vanquished.

Grand Total: 634 creatures vanquished

Notes
Turn   | Place    | Note
-------+----------+-------------------------------------------
     0 | D:1      | Lentor the Minotaur Berserker began the quest for the Orb.
     0 | D:1      | Reached XP level 1. HP: 19/19 MP: 0/0
     6 | D:1      | Noticed a killer bee
     6 | D:1      | Noticed a wolf
     6 | D:1      | Noticed an anaconda
     7 | D:1      | Noticed a swamp drake
     7 | D:1      | Noticed a swamp worm
   137 | D:1      | Reached skill level 4 in Long Blades
   137 | D:1      | Reached XP level 2. HP: 22/27 MP: 1/1
   775 | D:2      | Reached XP level 3. HP: 33/33 MP: 2/2
   803 | D:2      | Reached ** piety under Trog
  1677 | D:3      | Found a hide-covered altar of Uskayaw.
  1813 | D:3      | Noticed Revguard's ghost (amateur DrTm)
  1818 | D:3      | Reached XP level 4. HP: 37/41 MP: 3/3
  1825 | D:3      | Killed Revguard's ghost
  1825 | D:3      | Reached skill level 5 in Fighting
  1825 | D:3      | Reached skill level 5 in Long Blades
  1825 | D:3      | Reached XP level 5. HP: 45/48 MP: 4/4
  2021 | D:3      | Noticed Ijyb
  2030 | D:3      | Killed Ijyb
  2386 | D:4      | Noticed an ogre
  2391 | D:4      | Killed an ogre
  2391 | D:4      | Reached XP level 6. HP: 50/56 MP: 5/5
  2486 | D:4      | Reached *** piety under Trog
  2489 | D:4      | Reached skill level 6 in Long Blades
  2519 | D:4      | Reached skill level 1 in Stealth
  2649 | D:4      | Found a staircase to the Ecumenical Temple.
  2801 | D:4      | Reached skill level 5 in Armour
  2801 | D:4      | Reached XP level 7. HP: 51/61 MP: 6/6
  2988 | Temple   | Entered the Ecumenical Temple
  3207 | D:5      | Entered Level 5 of the Dungeon
  3489 | D:5      | Reached skill level 7 in Long Blades
  3890 | D:6      | Found Guilacyoq's Assorted Antiques.
  4487 | D:7      | Noticed a hippogriff
  4494 | D:7      | Killed a hippogriff
  4494 | D:7      | Reached XP level 8. HP: 51/70 MP: 7/7
  4737 | D:7      | Reached skill level 8 in Long Blades
  4978 | D:7      | Reached skill level 9 in Long Blades
  5102 | D:7      | Reached **** piety under Trog
  5226 | D:7      | Found a sparkling altar of Nemelex Xobeh.
  5513 | D:7      | Reached XP level 9. HP: 78/78 MP: 8/8
  5897 | D:8      | Noticed Maurice
  5912 | D:8      | Killed Maurice
  5912 | D:8      | Reached skill level 10 in Long Blades
  6014 | D:8      | Gained mutation: You are weak. (Str -2) [potion of mutation]
  6014 | D:8      | Gained mutation: You are resistant to hostile enchantments. (MR+) [potion of mutation]
  6141 | D:8      | Noticed Hercules1031's ghost (novice DDFi)
  6149 | D:8      | Killed Hercules1031's ghost
  6156 | D:8      | Reached skill level 11 in Long Blades
  6354 | D:8      | Noticed a two-headed ogre
  6360 | D:8      | Killed a two-headed ogre
  6360 | D:8      | Reached XP level 10. HP: 70/90 MP: 9/9
  6551 | D:8      | Reached ***** piety under Trog
  6922 | D:9      | Reached skill level 10 in Armour
  6980 | D:9      | Found a viscous altar of Jiyva.
  7110 | D:9      | Found a staircase to the Orcish Mines.
  7368 | D:9      | Reached skill level 12 in Long Blades
  7455 | D:9      | Found Diofyxuts's Assorted Antiques.
  7633 | D:10     | Entered Level 10 of the Dungeon
  7633 | D:10     | Noticed an obsidian statue
  7975 | D:10     | Noticed an elephant
  7976 | D:10     | Found a staircase to the Lair.
  7983 | D:10     | Killed an elephant
  7983 | D:10     | Reached skill level 13 in Long Blades
  8016 | D:10     | Noticed a two-headed ogre
  8022 | D:10     | Killed a two-headed ogre
  8022 | D:10     | Reached skill level 5 in Dodging
  8423 | D:10     | Reached XP level 11. HP: 90/97 MP: 10/10
  8817 | D:10     | Noticed a brown ugly thing
  8834 | D:10     | Killed a brown ugly thing
  9436 | D:11     | Noticed a catoblepas
  9447 | D:11     | Killed a catoblepas
 10082 | D:12     | Reached skill level 14 in Long Blades
 10102 | D:12     | Reached skill level 10 in Fighting
 10209 | D:12     | Found a portal to a secret trove of treasure.
 10213 | D:12     | You paid a toll of 3 potions of resistance to enter a treasure trove
 10214 | Trove    | Entered a treasure trove
 10229 | Trove    | Found the cursed +13 scythe of Curses {drain, *Curse}
 10232 | Trove    | Got a dazzling double sword
 10234 | Trove    | Got an ichor-stained long sword
 10249 | Trove    | Got a translucent great sword
 10253 | Trove    | Got a crystal triple sword
 10272 | Trove    | Got a bloodstained triple sword
 10281 | Trove    | Got a brightly glowing triple sword
 10315 | Trove    | Identified the +12 double sword of Deflation {drain, rF- rC+++ Dex+3 SInv} (You found it in a treasure trove)
 10316 | Trove    | Identified the +5 long sword of the Realm of Zot {slice, +Inv Int+4} (You found it in a treasure trove)
 10317 | Trove    | Identified the cursed +3 great sword of the Vine {flame, Stlth+} (You found it in a treasure trove)
 10319 | Trove    | Lost intelligence.
 10319 | Trove    | Identified the +4 triple sword of Oraymuph {protect, rC++ Str+5 Int-4} (You found it in a treasure trove)
 10324 | Trove    | Identified the +4 triple sword "Tenahuz" {drain, rF+ Str-4 Int+4} (You found it in a treasure trove)
 10325 | Trove    | Identified the +9 triple sword "Grim Tooth" {venom, Str+4 Int+4} (You found it in a treasure trove)
 10660 | D:12     | Noticed a two-headed ogre
 10667 | D:12     | Killed a two-headed ogre
 10814 | D:12     | Noticed an unseen horror
 10815 | D:12     | Killed an unseen horror
 11191 | Lair:1   | Entered Level 1 of the Lair of Beasts
 11193 | Lair:1   | Reached XP level 12. HP: 108/108 MP: 11/11
 11283 | Lair:1   | Reached skill level 15 in Long Blades
 11348 | Lair:1   | Received a gift from Trog
 11410 | Lair:1   | Noticed a six-headed hydra
 11416 | Lair:1   | Killed a nine-headed hydra
 12184 | Lair:2   | Found a staircase to the Snake Pit.
 12299 | Lair:2   | Reached skill level 16 in Long Blades
 12583 | Lair:2   | Found a frozen archway.
 12604 | IceCv    | Entered an ice cave
 12631 | IceCv    | Reached ****** piety under Trog
 13126 | IceCv    | Found an ancient bone altar of Kikubaaqudgha.
 13146 | IceCv    | Reached XP level 13. HP: 119/119 MP: 12/12
 13818 | Lair:2   | Reached skill level 17 in Long Blades
 14024 | Lair:3   | Noticed LevaFresel's ghost (journeyman KoHu)
 14039 | Lair:3   | Killed LevaFresel's ghost
 14040 | Lair:3   | Noticed fellowfoe's ghost (journeyman SpAs)
 14052 | Lair:3   | Killed fellowfoe's ghost
 14990 | Lair:4   | Found a labyrinth entrance.
 15004 | Lab      | Entered a labyrinth
 15349 | Lab      | Noticed a minotaur
 15356 | Lab      | Killed a minotaur
 15388 | Lair:4   | Identified a scroll of acquirement
 15496 | Lair:4   | Reached skill level 1 in Shields
 15546 | Lair:4   | Found a staircase to the Shoals.
 15833 | Lair:4   | You fall through a shaft!
 16343 | Lair:5   | Found a viscous altar of Jiyva.
 16343 | Lair:5   | Found a staircase to the Slime Pits.
 16597 | Lair:5   | Noticed Nessos
 16608 | Lair:5   | Killed Nessos
 16722 | Lair:6   | Entered Level 6 of the Lair of Beasts
 16880 | Lair:6   | Received a gift from Trog
 17545 | Lair:6   | Reached XP level 14. HP: 132/132 MP: 9/13
 17553 | Lair:6   | Reached skill level 18 in Long Blades
 18439 | Orc:1    | Entered Level 1 of the Orcish Mines
 18509 | Orc:1    | Reached skill level 5 in Shields
 18517 | Orc:1    | Received a gift from Trog
 18707 | Orc:2    | Entered Level 2 of the Orcish Mines
 18707 | Orc:2    | Found Xifusas's Antique Weapon Shoppe.
 18707 | Orc:2    | Noticed an orc warlord
 18719 | Orc:2    | Noticed Lavandula's ghost (journeyman CeBe)
 19042 | Slime:1  | Entered Level 1 of the Pits of Slime
 19057 | Slime:1  | Noticed an azure jelly
 19063 | Slime:1  | Killed an azure jelly
 19818 | Slime:1  | Noticed an acid blob
 19825 | Slime:1  | Killed an acid blob
 20040 | Slime:2  | Noticed an acid blob
 20040 | Slime:2  | Noticed an acid blob
 20044 | Slime:2  | Noticed xarlamp's ghost (veteran FoFi)
 20044 | Slime:2  | Killed an acid blob
 20044 | Slime:2  | Reached skill level 15 in Fighting
 20044 | Slime:2  | Reached skill level 15 in Armour
 20048 | Slime:2  | Killed an acid blob
 20049 | Slime:2  | Noticed an azure jelly
 20389 | Slime:2  | Noticed StormFly's ghost (journeyman HOFi)
 20396 | Slime:1  | Killed an azure jelly
 20690 | Slime:2  | HP: 2/135 [StormFly's ghost (8)]
 20690 | Slime:2  | Slain by StormFly's ghost

Skill      XL: |  1  2  3  4  5  6  7  8  9 10 11 12 13 14 |
---------------+-------------------------------------------+-----
Long Blades    | 4 5 6 7 9 11 13 14 16 17 18 | 18.8
Fighting       | 4 5 6 8 9 10 12 14 15 | 15.4
Armour         | 3 4 5 6 8 9 11 12 13 14 15 | 15.1
Dodging        | 3 4 5 6 7 |  7.4
Stealth        | 1 2 3 |  3.0
Shields        | 3 6 |  6.1

Action                   |  1- 3 |  4- 6 |  7- 9 | 10-12 | 13-15 || total
-------------------------+-------+-------+-------+-------+-------++-------
Melee: Falchion          |    46 |       |   114 |   305 |       ||   465
       Headbutt          |    12 |    13 |    47 |   128 |   126 ||   326
       Long sword        |    53 |    55 |   111 |       |       ||   219
       Double sword      |       |       |       |   229 |   447 ||   676
Invok: Berserk           |     1 |     2 |     3 |    11 |     8 ||    25
       Brothers in Arms  |       |       |       |     3 |     7 ||    10
       Burn Spellbooks   |       |       |       |     2 |       ||     2
  Use: Scroll            |       |       |    17 |     7 |    12 ||    36
       Potion            |       |       |     1 |       |     2 ||     3
 Stab: Distracted        |       |       |       |     1 |       ||     1
  Eat: Ration            |     1 |     1 |     1 |     2 |     8 ||    13
       Chunk             |     1 |       |    11 |    25 |     9 ||    46
Armor: Ring mail         |    41 |    27 |    21 |       |       ||    89
       Chain mail        |       |       |    73 |   249 |    85 ||   407
       Scale mail        |       |       |       |       |    30 ||    30
       Fire dragon scale |       |       |       |       |    69 ||    69
Dodge: Dodged            |    60 |    33 |   112 |   225 |   212 ||   642
Block: Buckler           |       |       |       |       |   113 ||   113
       Rpst.: Falchion   |     9 |       |    13 |    19 |       ||    41
       Long sword        |    10 |     6 |    17 |       |       ||    33
       Double sword      |       |       |       |    19 |    54 ||    73
